 Dungeon Crawl Stone Soup version 0.20.2-3-g29329e0561 (webtiles) character file.

352 Alfie the Shield-Bearer (level 6, -1/52 HPs)
             Began as a Hill Orc Fighter on Dec 7, 2023.
             Slain by a bullfrog (2 damage)
             ... on level 6 of the Dungeon.
             The game lasted 00:04:51 (1812 turns).

Alfie the Shield-Bearer (Hill Orc Fighter)          Turns: 1812, Time: 00:04:52

Health: -1/52      AC:  8    Str: 21    XL:     6   Next: 62%
Magic:  6/6        EV:  8    Int:  8    God:
Gold:   123        SH: 10    Dex: 10    Spells: 5/5 levels left

rFire    . . .     SeeInvis .   a - +0 rapier
rCold    . . .     Gourm    .   c - +0 shield
rNeg     . . .     Faith    .   b - +0 scale mail
rPois    .         Spirit   .   d - +0 helmet
rElec    .         Reflect  .   (no cloak)
rCorr    .         Harm     .   (no gloves)
MR       .....                  (no boots)
Stlth    ..........             (no amulet)
Regen    0.2/turn               (no ring)
MPRegen  0.1/turn               (no ring)

@: lethally poisoned (-1 -> -3)
A: no striking features
a: no special abilities


You were on level 6 of the Dungeon.
You were not hungry.

You visited 1 branch of the dungeon, and saw 4 of its levels.

You collected 123 gold pieces.

Inventory:

Hand Weapons
 a - a +0 rapier (weapon)
Missiles
 k - 6 tomahawks (quivered)
Armour
 b - a +0 scale mail (worn)
 c - a +0 shield (worn)
 d - a +0 helmet (worn)
Scrolls
 g - 2 scrolls of enchant armour {unknown}
 h - 2 scrolls of identify {unknown}
 i - 2 scrolls of remove curse {unknown}
 m - a scroll of teleportation {unknown}
 q - a scroll of immolation {unknown}
Potions
 e - 2 potions of flight {unknown}
 f - a potion of brilliance {unknown}
 j - a potion of invisibility {unknown}
 l - a potion of magic {unknown}
 p - a potion of berserk rage {unknown}
Comestibles
 n - a fruit
 o - a royal jelly
 r - a meat ration


   Skills:
 + Level 4.3 Fighting
 + Level 4.6 Short Blades
 + Level 4.3 Armour
 + Level 0.8 Dodging
 + Level 0.1 Stealth
 + Level 4.9 Shields


You had 5 spell levels left.
You didn't know any spells.

Dungeon Overview and Level Annotations

Branches:
Dungeon (3/15)

Altars:
Xom


Message History

The hound skeleton is almost destroyed.
You feel sick. You block the bullfrog's attack. The hound skeleton bites you.
* * * LOW HITPOINT WARNING * * *
You hit the hound skeleton but do no damage.
The hound skeleton is almost destroyed.
The bullfrog barely misses you.
The hound skeleton bites you but does no damage.
The bullfrog hits you!
* * * LOW HITPOINT WARNING * * *
You puncture the hound skeleton!
You destroy the hound skeleton!
* * * LOW HITPOINT WARNING * * *
You feel sick.
The bullfrog hits you but does no damage.
You block the bullfrog's attack.
The bullfrog hits you but does no damage.
You puncture the bullfrog!
The bullfrog is moderately wounded.
You block the bullfrog's attack. The bullfrog hits you.
You die...

......?........
...............
#..............
......%g.......
...####g####...
.... #J# ###
.##.. #g#
####..#F##
.....oF@(#
..###.#### #. .
.. .. ...


You could see 2 bullfrogs, 3 gnolls, an ooze and an orc.

Vanquished Creatures
  Sigmund (D:2)
  An orc wizard (D:6)
  Natasha (D:2)
  A hound skeleton (D:6)
  Robin (D:2)
  An adder (D:2)
  2 oozes
  4 worms
  5 dart slugs
  A leopard gecko (D:1)
  6 orcs
  2 giant cockroaches (D:1)
  7 goblins
  8 hobgoblins
  6 jackals
  2 ball pythons (D:1)
  8 bats
  2 frilled lizards (D:1)
  8 kobolds
  8 rats
75 creatures vanquished.

Notes
Turn   | Place    | Note
-------+----------+-------------------------------------------
     0 | D:1      | Alfie the Hill Orc Fighter began the quest for the Orb.
     0 | D:1      | Reached XP level 1. HP: 19/19 MP: 1/1
   143 | D:1      | Reached XP level 2. HP: 22/27 MP: 2/2
   580 | D:1      | Reached XP level 3. HP: 25/33 MP: 3/3
   798 | D:2      | Noticed Sigmund
   806 | D:2      | Killed Sigmund
   806 | D:2      | Reached XP level 4. HP: 14/40 MP: 4/4
   806 | D:2      | Reached XP level 5. HP: 16/46 MP: 5/5
   981 | D:2      | Reached XP level 6. HP: 38/52 MP: 6/6
  1026 | D:2      | Noticed Robin
  1052 | D:2      | Killed Robin
  1311 | D:2      | Noticed Natasha
  1328 | D:2      | Killed Natasha
  1561 | D:3      | Found a shimmering altar of Xom.
  1774 | D:3      | You fall through a shaft for 3 floors!
  1810 | D:6      | HP: 1/52 [bullfrog (7)]
  1812 | D:6      | Slain by a bullfrog

Skill      XL: |  1  2  3 |
---------------+----------+-----
Shields        | 4 |  4.9
Fighting       | 4 |  4.3
Short Blades   | 4 |  4.6
Armour         | 4 |  4.3
Dodging        | |  0.8
Stealth        | |  0.1

Action                   |  1- 3 |  4- 6 || total
-------------------------+-------+-------++-------
Melee: Rapier            |   133 |   170 ||   303
Throw: Tomahawk          |       |     6 ||     6
  Use: Potion            |     1 |       ||     1
  Eat: Bread ration      |       |     1 ||     1
Armor: Scale mail        |    75 |    70 ||   145
Dodge: Dodged            |    31 |    59 ||    90
Block: Shield            |    81 |   106 ||   187
